 Dungeon Crawl Stone Soup version 0.19.1 (webtiles) character file.

163 truemonolith the Cutter (level 5, 0/35 HPs)
             Began as a Halfling Berserker on Nov 26, 2016.
             Was a Priest of Trog.
             Slain by a gnoll
             ... wielding a +0 spear of chaos
              (3 damage)
             ... on level 3 of the Dungeon.
             The game lasted 00:05:49 (3286 turns).

truemonolith the Cutter (Halfling Berserker)        Turns: 3286, Time: 00:05:52

Health: 0/35       AC:  9    Str: 18    XL:     5   Next: 73%
Magic:  5/5        EV: 10    Int: 10    God:    Trog [***...]
Gold:   129        SH:  0    Dex: 15    Spells: 0 memorised, 4 levels left

rFire  . . .     SeeInvis .     a - +0 short sword
rCold  . . .     Gourm    .     m - +0 chain mail
rNeg   . . .     Faith    .     (shield restricted)
rPois  .         Spirit   .     v - +0 helmet
rElec  .         Reflect  .     (no cloak)
rCorr  .         Harm     .     (no gloves)
MR     .....                    (no boots)
Stlth  ..........               (no amulet)
                                (no ring)
                                (no ring)

@: brilliant, drained
A: mutation resistance 1
a: Berserk, Trog's Hand, Burn Spellbooks, Renounce Religion


You were on level 3 of the Dungeon.
You worshipped Trog.
Trog was most pleased with you.
You were not hungry.

You visited 1 branch of the dungeon, and saw 3 of its levels.

You collected 129 gold pieces.

Inventory:

Hand Weapons
 a - a +0 short sword (weapon)
 k - a +0 hunting sling
Missiles
 l - 85 stones (quivered)
Armour
 b - a +0 animal skin
 m - a +0 chain mail (worn)
 v - a +0 helmet (worn)
Jewellery
 n - an uncursed amulet of rage {unknown}
Scrolls
 d - 2 scrolls of random uselessness {unknown}
 e - 2 scrolls of teleportation {unknown}
 f - 4 scrolls of remove curse {unknown}
 g - 2 scrolls of identify {unknown}
 i - a scroll of enchant weapon {unknown}
 o - 2 scrolls of noise {unknown}
 u - a scroll of fear {unknown}
Potions
 j - a potion of brilliance
 p - a potion of mutation {unknown}
 q - a potion of lignification {unknown}
 r - a potion of degeneration {unknown}
 s - a potion of flight {unknown}
Comestibles
 c - 2 bread rations
 h - 2 meat rations


   Skills:
 - Level 2.6(2.4) Fighting
 + Level 7.1(6.9) Short Blades
 - Level 2.1(1.9) Armour
 - Level 2.2(2.0) Dodging


You had 4 spell levels left.
You didn't know any spells.

Dungeon Overview and Level Annotations

Branches:
Dungeon (3/15)

Altars:
Cheibriados


Innate Abilities, Weirdness & Mutations

You are small and have problems with some larger weapons.
You are somewhat resistant to further mutation.


Message History

You hit the gnoll.
The gnoll is heavily wounded.
* * * LOW HITPOINT WARNING * * *
You feel sick.
The gnoll hits you from afar with a spear of chaos.
* * * LOW HITPOINT WARNING * * *
You feel drained.
It was a potion of brilliance.
You feel clever all of a sudden.
* * * LOW HITPOINT WARNING * * *
You feel sick. The orc closely misses you. The gnoll barely misses you.
The gnoll completely misses you.
It was a potion of curing.
You feel better.
The orc hits you with a dagger of chaos.
* * * LOW HITPOINT WARNING * * *
The orc burns you.
* * * LOW HITPOINT WARNING * * *
The gnoll hits you but does no damage.
The gnoll hits you from afar with a spear of chaos.
You die...

####.#'####...... #≈##
#....)[..##.....# #≈≈# #
#........##.....# ##≈ ..
#........##.....##.# ..#
#........##.....#≈##.o.#
#.....>..##.....#..≈#≈#
#........##.....#.⌠..#
#........##.....gw≈..#
#............g@o#..≈.≈#
#............####≈#.#...
#............# .≈.≈≈≈$
###..........# ##.#.≈≈
#..........# #.≈ #≈
#..........# .#≈
#..........# .#.#
############


You could see 2 gnolls, a dart slug and 2 orcs.

Vanquished Creatures
  Ijyb (D:3)
  3 gnolls (D:3)
  An adder (D:2)
  A shadow imp (D:3)
  A worm (D:3)
  4 dart slugs
  4 leopard geckos
  5 orcs (D:3)
  6 giant cockroaches
  9 goblins
  6 hobgoblins
  8 kobolds
  A quokka (D:3)
  11 bats
  3 frilled lizards
  10 rats
74 creatures vanquished.

Notes
Turn   | Place    | Note
-------+----------+-------------------------------------------
     0 | D:1      | truemonolith the Halfling Berserker began the quest for the Orb.
     0 | D:1      | Reached XP level 1. HP: 15/15 MP: 1/1
    93 | D:1      | Reached skill level 4 in Short Blades
   103 | D:1      | Reached XP level 2. HP: 12/20 MP: 2/2
   491 | D:1      | Reached ** piety under Trog
   676 | D:1      | Reached XP level 3. HP: 16/25 MP: 3/3
  1103 | D:1      | Reached skill level 5 in Short Blades
  2267 | D:2      | Reached XP level 4. HP: 26/30 MP: 4/4
  2513 | D:3      | Noticed Ijyb
  2559 | D:3      | Killed Ijyb
  2559 | D:3      | Reached skill level 6 in Short Blades
  2703 | D:3      | Reached XP level 5. HP: 34/35 MP: 5/5
  2870 | D:3      | Found a snail-covered altar of Cheibriados.
  3164 | D:3      | Reached *** piety under Trog
  3175 | D:3      | Reached skill level 7 in Short Blades
  3286 | D:3      | Slain by a gnoll

Skill      XL: |  1  2  3  4  5 |
---------------+----------------+-----
Short Blades   | 4 5 6 7 |  7.1
Fighting       | |  2.6
Armour         | |  2.1
Dodging        | |  2.2

Action                   |  1- 3 |  4- 6 || total
-------------------------+-------+-------++-------
Melee: Short sword       |   145 |   174 ||   319
Invok: Berserk           |     1 |     2 ||     3
  Use: Potion            |       |     2 ||     2
 Stab: Sleeping          |     4 |       ||     4
  Eat: Chunk             |     1 |     1 ||     2
       Bread ration      |     1 |     1 ||     2
Armor: Animal skin       |    23 |       ||    23
       Chain mail        |    12 |    86 ||    98
Dodge: Dodged            |   127 |   108 ||   235
